AoeStats
← MonoKiller19892

Arena

509264636Analyzed
2v2 RM · 7d ago on Sep 26, 2026· 39m 59s· 4 players
Game mode
Random Map
Map size
Medium (4 player)
Population
200
Speed
Normal
Resources
Standard
Victory
Conquest
Starting age
Dark Age
Ending age
Imperial Age
RankedLock teamsTeams togetherTeam positionsShared explorationLock speedFull tech treeHidden civsTurbo modeCheats
Victory
Defeat
🇧🇷 Danes · Brazil
844
+14
🇧🇷 Turks · Brazil
841
+14
🇦🇷 Spanish · Argentina
813
-14
🇪🇨 Khmer · Ecuador
790
-14
BOANERGES
3:09 Loom
12:03 Feudal Age
18:40 Castle Age
16:51 Double-Bit Axe
16:57 Gold Mining
16:59 Horse Collar
17:45 Stone Mining
30:05 Imperial Age
28:30 Murder Holes
30:01 Ballistics
29:35 Fletching
31:54 Chemistry
32:47 Town Watch
34:09 Bodkin Arrow
MonoKiller19892
3:14 Loom
15:06 Feudal Age
15:39 Horse Collar
15:47 Double-Bit Axe
17:08 Wheelbarrow
22:00 Castle Age
22:28 Town Watch
23:35 Hand Cart
24:09 Bow Saw
24:33 Heavy Plow
24:29 Light Cavalry
28:43 Town Patrol
36:13 Stone Mining
36:34 Caravan
ViniCassi
13:02 Feudal Age
14:05 Loom
16:48 Castle Age
16:23 Double-Bit Axe
16:30 Gold Mining
22:01 Imperial Age
22:57 Horse Collar
23:29 Bow Saw
23:24 Padded Archer Armor
24:36 Leather Archer Armor
Joe Camel
10:45 Feudal Age
15:07 Castle Age
14:43 Double-Bit Axe
16:43 Bow Saw
19:27 Padded Archer Armor
19:28 Scale Mail Armor
19:24 Fletching
19:36 Elite Skirmisher
23:43 Leather Archer Armor
23:28 Horse Collar
23:39 Gold Mining
24:50 Thumb Ring
24:55 Bodkin Arrow
27:54 Chain Mail Armor
27:49 Forging
30:43 Gold Shaft Mining
30:01 Hamask
31:21 Heavy Plow
35:04 Iron Casting
38:19 Imperial Age
35:36 Loom
35:37 Town Watch
38:23 Wheelbarrow
Connection lost

Rejoining the realm…

Still unreachable

The connection could not be restored.

Session expired

The server has moved on; the page needs a fresh start.